 Dungeon Crawl Stone Soup version 0.26.1-11-gd32895ea62 (webtiles) character file.

Game seed: 15539281867961023292

1375669 cykeltillsalu the Pyromancer (level 27, 143/180 HPs)
             Began as a Deep Elf Fire Elementalist on June 21, 2021.
             Was an Elder of Sif Muna.
             Escaped with the Orb
             ... and 3 runes on June 22, 2021!
             The game lasted 05:39:05 (125905 turns).

cykeltillsalu the Pyromancer (DEFE)               Turns: 125905, Time: 05:39:05

Health: 143/180    AC: 22    Str:  9    XL:     27
Magic:  30/49      EV: 31    Int: 32    God:    Sif Muna [****..]
Gold:   7436       SH: 20    Dex: 25    Spells: 7/66 levels left

rFire    + + +     SeeInvis .   a - staff of fire
rCold    + + +     Faith    .   u - +3 buckler {rN+}
rNeg     + + .     Spirit   .   I - +6 acid dragon scales
rPois    .         Reflect  +   T - +2 hat
rElec    +         Harm     .   E - +0 cloak of the Black Moon {rC+++ Str+4 Dex+2 Stlth+}
rCorr    +         Rampage  .   D - +1 pair of gloves of Sif Muna's Wrath {rF+ Dex+4}
Will     +++..     Clarity  +   o - +2 pair of boots {Fly}
Stlth    ++........             H - amulet "Zazuin" {Reflect rF++ rN+ SH+5 Stlth+}
HPRegen  0.40/turn              C - ring of wizardry
MPRegen  0.31/turn              z - ring "Repneuti" {rElec Will+ rCorr Dex+4}

@: flying, hasted, very quick
A: talons 1, large bone plates 1, clarity, dopey 1
0: Orb of Zot
}: 3/15 runes: decaying, serpentine, silver
a: Stop Flying, Renounce Religion, Channel Magic, Forget Spell, Divine Exegesis


You escaped.
You worshipped Sif Muna.
Sif Muna was greatly pleased with you.
You visited 9 branches of the dungeon, and saw 49 of its levels.
You visited 1 bazaar.
You also visited: Gauntlet, Ice Cave and Wizlab.

You collected 10145 gold pieces.
You spent 2709 gold pieces at shops.

Inventory:

Hand Weapons
 b - the +8 quick blade "Leycifur" {flame, *Rage rC+++ Will+ SInv}
   (You bought it in a shop on level 1 of the Depths)

   It has been specially enchanted to burn those struck by it, causing extra
   injury to most foes and up to half again as much damage against particularly
   susceptible opponents.
   It renders you almost immune to cold.
   It affects your willpower, your defense against some magical effects.
   It lets you see invisible.
   It may make you go berserk in combat.
Missiles
 p - 7 datura-tipped darts
 B - 24 atropa-tipped darts (quivered)
Armour
 o - a +2 pair of boots of flying (worn)
 u - a +3 buckler of positive energy (worn)
 D - the +1 pair of gloves of Sif Muna's Wrath (worn) {rF+ Dex+4}
   (You found it on level 5 of the Vaults)

   It affects your dexterity (+4).
   It protects you from fire.
 E - the +0 cloak of the Black Moon (worn) {rC+++ Str+4 Dex+2 Stlth+}
   (You bought it in a shop in a bazaar)

   It affects your strength (+4).
   It affects your dexterity (+2).
   It renders you almost immune to cold.
   It makes you more stealthy.
 I - +6 acid dragon scales (worn)
 T - a +2 hat (worn)
Magical Staves
 a - an uncursed staff of fire (weapon)
Jewellery
 c - the ring of Qelueleu {rPois Dex+3}
   (You found it in an ice cave)

   [ring of poison resistance]

   It affects your dexterity (+3).
   It protects you from poison.
 z - the ring "Repneuti" (right hand) {rElec Will+ rCorr Dex+4}
   (You bought it in a shop on level 2 of the Elven Halls)

   [ring of resist corrosion]

   It affects your dexterity (+4).
   It insulates you from electricity.
   It affects your willpower, your defense against some magical effects.
   It provides partial protection from all sources of acid and corrosion.
 A - an uncursed ring of see invisible
 C - a ring of wizardry (left hand)
 H - the amulet "Zazuin" (around neck) {Reflect rF++ rN+ SH+5 Stlth+}
   (You took it off a deep elf mage on level 1 of the Elven Halls)

   [amulet of reflection]

   It shields you and reflects attacks.
   It greatly protects you from fire.
   It protects you from negative energy.
   It affects your SH (+5).
   It makes you more stealthy.
 J - the amulet "Talu" {rElec Regen+}
   (You took it off a deep elf mage on level 3 of the Elven Halls)

   [amulet of regeneration]

   It insulates you from electricity.
   It increases your rate of regeneration.
Wands
 e - a wand of acid (8)
 l - a wand of iceblast (36)
 w - a wand of disintegration (89)
 x - a wand of enslavement (19)
 G - a wand of random effects (16)
 L - a wand of flame (45)
 R - a wand of polymorph (7)
 S - a wand of digging (13)
 V - a wand of paralysis (6)
Scrolls
 g - a scroll of holy word
 h - 4 scrolls of enchant weapon
 k - 12 scrolls of enchant armour
 m - 16 scrolls of teleportation
 r - 3 scrolls of fog
 s - 7 scrolls of summoning
 t - 6 scrolls of blinking
 y - a scroll of brand weapon
 K - 11 scrolls of magic mapping
 M - 26 scrolls of identify
 N - 31 scrolls of remove curse
 X - 4 scrolls of fear
 Y - 14 scrolls of amnesia
Potions
 d - 2 potions of invisibility
 f - 6 potions of haste
 i - 15 potions of curing
 j - 6 potions of resistance
 n - a potion of ambrosia
 F - 6 potions of might
 O - 6 potions of brilliance
 Q - 3 potions of heal wounds
 U - 3 potions of cancellation
 W - 5 potions of mutation
Miscellaneous
 v - a phial of floods
 P - a condenser vane
 Z - a tin of tremorstones (2/2)


   Skills:
 + Level 20.4 Fighting
 - Level 5.0 Armour
 + Level 21.1 Dodging
 - Level 7.0 Stealth
 - Level 12.1 Shields
 - Level 20.0 Spellcasting
 - Level 23.0 Conjurations
 - Level 8.0 Summonings
 - Level 23.0 Fire Magic
 - Level 10.0 Earth Magic
 - Level 15.0 Invocations
 - Level 5.0 Evocations


You had 7 spell levels left.
You knew the following spells:

 Your Spells              Type           Power        Failure   Level
a - Magic Dart            Conj           100%         0%          1
b - Foxfire               Conj/Fire      100%         0%          1
c - Lehudib's Crystal Sp  Conj/Erth      47%          5%          8
d - Fireball              Conj/Fire      66%          0%          5
e - Bolt of Magma         Conj/Fire/Erth 61%          0%          5
f - Passwall              Tmut/Erth      49%          1%          2
g - Fire Storm            Conj/Fire      66%          6%          9
h - Blink                 Tloc           N/A          1%          2
i - Iskenderun's Battles  Conj           100%         0%          5
n - Spellforged Servitor  Conj/Summ      46%          1%          7
r - Iron Shot             Conj/Erth      47%          1%          6
t - Ignition              Fire           66%          1%          8

Your spell library contained the following spells:

 Spells                   Type           Power        Failure   Level
 Shock                    Conj/Air       100%         0%          1
 Searing Ray              Conj           100%         0%          2
 Conjure Flame            Conj/Fire      100%         0%          3
 Stone Arrow              Conj/Erth      100%         0%          3
 Sticky Flame             Conj/Fire      100%         0%          4
 Starburst                Conj/Fire      66%          0%          6
 Animate Skeleton         Necr           64%          1%          1
 Apportation              Tloc           64%          1%          1
 Beastly Appendage        Tmut           64%          1%          1
 Corona                   Hex            35%          1%          1
 Freeze                   Ice            100%         1%          1
 Pain                     Necr           100%         1%          1
 Sandblast                Erth           100%         1%          1
 Sting                    Tmut/Pois      100%         1%          1
 Summon Small Mammal      Summ           100%         1%          1
 Call Imp                 Summ           70%          1%          2
 Corpse Rot               Necr/Air       N/A          1%          2
 Ensorcelled Hibernation  Hex/Ice        64%          1%          2
 Poisonous Vapours        Pois/Air       64%          1%          2
 Slow                     Hex            32%          1%          2
 Sublimation of Blood     Necr           16%          1%          2
 Swiftness                Air            32%          1%          2
 Wereblood                Tmut           32%          1%          2
 Call Canine Familiar     Summ           70%          1%          3
 Dazzling Flash           Conj/Hex       100%         1%          3
 Ignite Poison            Fire/Tmut/Pois 88%          1%          3
 Inner Flame              Hex/Fire       100%         1%          3
 Mephitic Cloud           Conj/Pois/Air  69%          1%          3
 Static Discharge         Conj/Air       81%          1%          3
 Summon Guardian Golem    Hex/Summ       55%          1%          3
 Fulminant Prism          Conj/Hex       40%          1%          4
 Hailstorm                Conj/Ice       81%          1%          4
 Iskenderun's Mystic Bla  Conj/Tloc      81%          1%          4
 Leda's Liquefaction      Hex/Erth       29%          1%          4
 Petrify                  Tmut/Erth      59%          1%          4
 Summon Ice Beast         Ice/Summ       55%          1%          4
 Summon Lightning Spire   Summ/Air       55%          1%          4
 Irradiate                Conj/Tmut      40%          1%          5
 Lee's Rapid Deconstruct  Erth           38%          1%          5
 Lightning Bolt           Conj/Air       40%          1%          5
 Summon Demon             Summ           35%          1%          5
 Conjure Ball Lightning   Conj/Air       40%          1%          6
 Orb of Destruction       Conj           54%          1%          7
 Confusing Touch          Hex            32%          2%          3
 Frozen Ramparts          Ice            64%          2%          3
 Gell's Gravitas          Tloc           16%          2%          3
 Lesser Beckoning         Tloc           16%          2%          3
 Ozocubu's Armour         Ice            32%          2%          3
 Portal Projectile        Hex/Tloc       64%          2%          3
 Spider Form              Tmut/Pois      16%          2%          3
 Teleport Other           Tloc           32%          2%          3
 Tukima's Dance           Hex            32%          2%          3
 Vampiric Draining        Necr           16%          2%          3
 Summon Forest            Summ/Tloc      27%          4%          5
 Summon Mana Viper        Hex/Summ       55%          4%          5
 Freezing Cloud           Conj/Ice/Air   34%          4%          6
 Airstrike                Air            16%          7%          4
 Animate Dead             Necr           16%          7%          4
 Cause Fear               Hex            16%          7%          4
 Dispel Undead            Necr           32%          7%          4
 Ice Form                 Ice/Tmut       32%          7%          4
 Passage of Golubria      Tloc           N/A          7%          4
 Statue Form              Tmut/Erth      39%          14%         6
 Agony                    Necr           32%          19%         5
 Alistair's Intoxication  Tmut/Pois      21%          19%         5
 Blade Hands              Tmut           16%          19%         5
 Excruciating Wounds      Necr           16%          19%         5
 Metabolic Englaciation   Hex/Ice        16%          19%         5
 Silence                  Hex/Air        16%          19%         5
 Yara's Violent Unravell  Hex/Tmut       16%          19%         5
 Monstrous Menagerie      Summ           35%          22%         7
 Summon Greater Demon     Summ           35%          22%         7
 Summon Hydra             Summ           35%          22%         7
 Eringya's Noxious Bog    Tmut/Pois      16%          69%         6
 Invisibility             Hex            32%          69%         6
 Ozocubu's Refrigeration  Ice            16%          69%         6
 Simulacrum               Ice/Necr       16%          69%         6
 Malign Gateway           Summ/Tloc      27%          71%         7
 Dragon Form              Tmut           16%          99%         7
 Chain Lightning          Conj/Air       40%          38%         8
 Summon Horrible Things   Summ           35%          83%         8
 Borgnjor's Revivificati  Necr           16%          100%        8
 Discord                  Hex            16%          100%        8
 Dragon's Call            Summ           35%          100%        9
 Shatter                  Erth           38%          100%        9


Dungeon Overview and Level Annotations

Branches:
Dungeon (15/15)            Temple (0/1) D:5            Lair (6/6) D:8
  Swamp (4/4) Lair:4        Snake (4/4) Lair:4        Slime (0/5) Lair:5
    Orc (2/2) D:12            Elf (3/3) Orc:2        Vaults (5/5) D:13
  Crypt (0/3) Vaults:3     Depths (5/5) D:15            Zot (5/5) Depths:5
  IceCv (visited)          WizLab (visited)         Gauntlet (visited)

Altars:
Elyvilon
Fedhas
Hepliaklqana
Kikubaaqudgha
Okawaru
Sif Muna
Wu Jian
Xom
Yredelemnul
Beogh

Shops:
D:7 (   D:15 (*   Orc:2 }:}=(   Elf:2 :=}}   Elf:3 (   Snake:1 }*   Snake:3 }
Vaults:4 :}   Vaults:5 !   Depths:1 ?}([(

Portals:
Hell: Depths:1 Depths:2 Depths:3 Depths:4 Depths:5
Abyss: Depths:1 Depths:4 Depths:5
Pandemonium: Depths:3
Ziggurat: Depths:2

Annotations:
D:2 exclusion: oklob plant
D:3 Purgy
Lair:1 exclusion: 2 oklob plants
Lair:2 3 runed translucent doors, Gastronok; kalagan's ghost, journeyman DECj
Lair:5 exclusion: oklob plant
Swamp:1 1 runed translucent door, kthxbai's ghost, adept MfIE
Elf:2 3 runed translucent doors
Vaults:1 3 runed translucent doors, Silenth's ghost, adept DrFE
Depths:3 2 transporters


Innate Abilities, Weirdness & Mutations

You have sharp toenails.
You are partially covered in large bone plates. (SH +4)
You possess an exceptional clarity of mind.
You are dopey. (Int -2)


Message History

Unknown command.
Unknown command.
Casting: Ignition (mildly dangerous; 1% risk of failure)
Confirm with . or Enter, or press ? or * to list all spells.
Aiming: Fire Storm (dangerous; 6% risk of failure)
Press: ? - help, Dir - move target You feel a surge of power!
A raging storm of fire appears!
The great blast of fire engulfs the smoke demon!!!
The smoke demon partially resists.
You kill the smoke demon!
Sif Muna accepts your kill.
Unknown command.
A Hell Sentinel comes into view.
You feel yourself speed up. The Hell Sentinel gestures at you.
The sphere of damnation explodes!
The damnation engulfs you!!!
As you read the scroll of fog, it crumbles to dust.
The scroll dissolves into smoke.
There is a staircase leading out of the dungeon here.
You have escaped!

....#.....##.##....#########.....
....#.###.[....................##
....#.#....#.#.#.#.#########.....
#####.#.....#.#.#.#.######...###.
......#....#.#.#.#.#..........##.
#######.....#.#.#.#..............
##.........#.≈≈≈≈≈.#........#.#..
............#≈...≈#..............
#.#........#.≈..@≈.#........#.#.#
#.#.........#≈...≈#.............#
#.######...#.≈≈≈≈≈.#............#
#......##.#.#.#.#.#..............
######.##.##.#.#.#.#..........###
÷....#.##...#.#.#.#..###..#.#.# #
.....#.#...#.#.#.#.#.####.....# #
.....#.#...........§§§....#.#.#
.....#.#...........§§§##......#


There were no monsters in sight!

Vanquished Creatures
  4 orbs of fire
  Mennas (Depths:5)
  6 ancient liches
  2 juggernauts
  Sojobo (Vaults:5)
  6 Killer Klowns
  the Lernaean hydra (Swamp:4)
  Frederick (Vaults:5)
  Xtahua (Vaults:5)
  6 caustic shrikes
  8 golden dragons
  2 electric golems (Zot:5)
  A bone dragon (Zot:4)
  13 tentacled monstrosities
  2 hellephants (Elf:3)
  Jorgrun (Swamp:1)
  7 quicksilver dragons
  23 Orb Guardians
  4 deep elf blademasters (Elf:3)
  Rupert (Orc:2)
  5 titans
  3 liches
  2 death cobs
  2 sphinxes
  An ancient champion (WizLab)
  13 shadow dragons
  16 storm dragons
  10 tengu reavers
  6 draconian monks
  10 nagarajas
  7 fire giants
  15 vault wardens
  A draconian scorcher (Zot:4)
  3 ghost moths
  11 deep elf sorcerers
  3 draconian knights
  3 iron dragons (Vaults:5)
  2 cacodemons
  Louise (Snake:4)
  Aizul (Snake:4)
  4 frost giants
  13 ironheart preservers
  2 deep elf elementalists (Vaults:5)
  3 draconian stormcallers
  3 balrugs
  2 draconian shifters
  A reaper (Depths:4)
  2 spriggan defenders
  5 draconian annihilators
  23 very ugly things
  2 war gargoyles
  12 green draconians
  28 stone giants
  A blood saint (D:11)
  13 black draconians
  A vampire knight (Depths:5)
  A minotaur (Gauntlet)
  5 deep elf demonologists
  6 bunyips
  6 deep elf annihilators
  Nessos (D:13)
  An entropy weaver (Vaults:3)
  10 yellow draconians
  A spark wasp (shapeshifter) (Elf:3)
  11 white draconians
  7 spark wasps
  13 purple draconians
  8 red draconians
  A bunyip (shapeshifter) (D:13)
  2 merfolk javelineers (Depths:5)
  A blizzard demon (Depths:4)
  9 deep elf death magi
  Josephine (Orc:1)
  A green death (D:5)
  5 fire dragons
  5 eleionomae
  5 jiangshi
  10 ettins
  6 rakshasas
  11 deep elf high priests
  14 yaktaur captains
  30 vault guards
  6 great orbs of eyes
  A hydra (shapeshifter) (Vaults:5)
  A monstrous demonspawn (Depths:3)
  4 boulder beetles
  18 naga warriors
  14 ice dragons
  2 catoblepae
  27 hydras
  12 anacondas
  3 ghost crabs
  13 ogre magi
  A hell beast (Depths:3)
  An anaconda (shapeshifter) (Vaults:5)
  10 centaur warriors
  5 spriggan air magi
  8 alligators
  3 death knights
  5 deep troll shamans
  12 tengu warriors
  11 dancing weapons
  43 two-headed ogres
  3 vampire magi
  10 deep troll earth magi
  A two-headed ogre (shapeshifter) (Vaults:5)
  6 spriggan berserkers
  4 orc high priests
  9 death yaks
  3 sun demons
  14 deep elf knights
  10 shock serpents
  6 naga sharpshooters
  2 shadow wraiths
  Nergalle (Orc:1)
  8 hell knights
  3 iron trolls
  11 skeletal warriors
  3 soul eaters (Depths:4)
  4 unseen horrors
  6 salamander mystics
  8 sixfirhies
  A death drake (Depths:5)
  5 goliath frogs
  29 deep trolls
  A goliath frog (shapeshifter) (Elf:3)
  6 spriggan druids
  2 quicksilver dragon simulacra (Depths:4)
  8 glowing orange brains
  4 flayed ghosts
  4 wizards
  2 glowing orange brains (shapeshifter)
  14 deep elf archers
  A bog body (Swamp:1)
  An orange crystal statue (Vaults:4)
  13 swamp dragons
  19 ironbrand convokers
  A lindwurm (shapeshifter) (Elf:3)
  4 harpies (Vaults:3)
  9 naga ritualists
  2 obsidian statues
  A harpy (shapeshifter) (Depths:3)
  2 necromancers
  4 lindwurms
  54 deep elf magi
  A wolf spider zombie (D:14)
  5 wolf spiders
  3 phantasmal warriors
  48 ugly things
  10 mana vipers
  A mana viper (shapeshifter) (Elf:3)
  10 orc sorcerers
  A wolf spider (shapeshifter) (Elf:3)
  An oklob plant (Lair:5)
  19 orc knights
  A salamander (shapeshifter) (Depths:1)
  3 will-o-the-wisps
  21 salamanders
  5 cyclopes
  2 manticores
  2 centaur zombies
  4 elephants
  29 moths of wrath
  32 black mambas
  15 guardian serpents
  2 black mambas (shapeshifter)
  7 rust devils
  22 naga magi
  An eye of devastation (shapeshifter) (Vaults:5)
  9 cane toads
  A smoke demon (D:1)
  An apocalypse crab (Elf:3)
  11 vault sentinels
  4 centaur skeletons
  3 ice statues
  6 torpor snails
  An orange demon (D:1)
  3 gargoyles
  8 freezing wraiths
  6 rime drakes
  9 komodo dragons
  A kobold demonologist (D:15)
  2 ice devils
  47 yaktaurs
  2 nameless horrors
  An efreet (Depths:4)
  3 tengu conjurers
  7 red devils
  A meliai (shapeshifter) (Vaults:1)
  A queen bee (shapeshifter) (Vaults:4)
  7 trolls
  A tyrant leech (shapeshifter) (Elf:3)
  A bloated husk (Swamp:4)
  3 polar bears
  A hornet (shapeshifter) (Vaults:1)
  16 tyrant leeches
  3 meliai (D:13)
  A wind drake (Depths:5)
  20 blink frogs
  A blink frog (shapeshifter) (D:14)
  19 hornets
  35 slime creatures
  A large abomination (D:8)
  A dream sheep (shapeshifter) (Vaults:5)
  3 flying skulls (Depths:4)
  12 spriggans
  13 water elementals
  2 centaur simulacra (Gauntlet)
  2 redbacks (Vaults:3)
  3 air elementals
  5 vampires
  42 yaks
  5 shadows
  A ynoxinul (Elf:3)
  11 wraiths
  3 wyverns
  6 fire elementals
  6 golden eyes (D:8)
  5 basilisks
  A swamp worm (shapeshifter) (Vaults:5)
  13 vampire mosquitoes
  Edmund (D:6)
  7 wargs
  4 two-headed ogre zombies (WizLab)
  18 swamp worms
  76 nagas
  14 water moccasins
  8 hydra simulacra (Depths:1)
  3 acid dragons
  A soldier ant (D:14)
  3 black bears
  A hell hound (Depths:4)
  5 sky beasts
  2 black bears (shapeshifter)
  12 swamp drakes
  57 orc warriors
  A boulder beetle simulacrum (Vaults:1)
  18 ice beasts
  4 ettin simulacra (Depths:4)
  36 ogres
  2 necrophages
  A boggart (Elf:1)
  21 centaurs
  18 wolves
  2 big kobolds
  13 bullfrogs
  7 earth elementals
  A glowing shapeshifter simulacrum (Vaults:1)
  2 gnoll sergeants
  2 scorpions
  A water moccasin skeleton (D:5)
  A wyvern skeleton (D:11)
  9 troll zombies (WizLab)
  9 killer bees
  4 howler monkeys
  A vampire bat (D:3)
  12 wights
  3 quasits
  2 wyvern simulacra (Gauntlet)
  2 bullfrog zombies
  3 jellies
  26 orc priests
  35 orc wizards
  3 bullfrog skeletons
  4 hounds
  An iron imp (Depths:3)
  8 hell rats
  5 iguanas
  A worker ant (shapeshifter) (Depths:3)
  9 worker ants
  A bullfrog simulacrum (Gauntlet)
  2 ogre zombies (WizLab)
  A hound zombie (D:5)
  2 howler monkey zombies
  10 gnolls
  A howler monkey skeleton (D:8)
  13 adders
  4 shadow imps
  7 white imps
  4 ufetubi
  2 oozes
  A worm (D:4)
  2 dart slugs (D:1)
  9 leopard geckos
  105 orcs
  2 ball pythons (D:2)
  12 bats
  6 giant cockroaches
  6 goblins
  5 hobgoblins
  6 jackals
  5 quokkas
  8 frilled lizards
  21 kobolds
  A leopard gecko skeleton (D:6)
  A leopard gecko zombie (D:6)
  A quokka skeleton (D:5)
  A quokka zombie (D:5)
  10 rats
2334 creatures vanquished.

Vanquished Creatures (collateral kills)
  3 orbs of fire (Zot:5)
  A juggernaut (Depths:4)
  5 caustic shrikes
  3 golden dragons
  4 Orb Guardians
  A lich (D:6)
  A quicksilver dragon (Zot:2)
  4 storm dragons
  A draconian monk (Depths:5)
  A shadow dragon (Zot:2)
  A death cob (Zot:2)
  A deep elf sorcerer (Depths:5)
  A draconian scorcher (Zot:4)
  A draconian knight (Zot:1)
  A draconian shifter (Zot:1)
  2 draconian stormcallers (Zot:2)
  3 draconian annihilators
  A very ugly thing (Depths:5)
  4 green draconians
  6 black draconians
  A purple draconian (Depths:5)
  A spark wasp (Depths:4)
  5 red draconians
  2 white draconians (Depths:5)
  2 yellow draconians
  An ettin (Depths:5)
  2 fire dragons (Depths:4)
  A deep elf high priest (Depths:4)
  3 tengu warriors (Depths:4)
  3 deep troll earth magi
  2 spriggan berserkers (Depths:4)
  2 sun demons
  A death drake (Depths:5)
  2 glowing orange brains (Depths:4)
  6 deep trolls
  2 rust devils (Depths:4)
  A tengu conjurer (Depths:5)
  2 wind drakes (Depths:5)
  3 hell hounds (Depths:4)
  A swamp drake (Depths:5)
  4 foxfires
92 creatures vanquished.

Vanquished Creatures (others)
  A hydra (Swamp:4)
  A deep troll (Depths:4)
  A will-o-the-wisp (Swamp:4)
  A moth of wrath (Zot:1)
  A bloated husk (Swamp:3)
  An ettin simulacrum (Depths:4)
  154 fire vortices
  1096 foxfires
  55 fungi
  119 plants
  20 withered plants (Gauntlet)
1450 creatures vanquished.

Grand Total: 3876 creatures vanquished

Notes
Turn   | Place    | Note
-------+----------+-------------------------------------------
     0 | D:1      | cykeltillsalu the Deep Elf Fire Elementalist began the
                  | quest for the Orb.
     0 | D:1      | Reached XP level 1. HP: 10/10 MP: 6/6
   208 | D:1      | Reached XP level 2. HP: 15/15 MP: 6/8
  1441 | D:1      | Reached XP level 3. HP: 19/19 MP: 7/9
  1445 | D:1      | Learned a level 3 spell: Conjure Flame
  1991 | D:2      | Reached XP level 4. HP: 24/24 MP: 7/11
  2044 | D:2      | You fall into a shaft and drop 1 floor!
  2090 | D:3      | Learned a level 4 spell: Sticky Flame
  2348 | D:3      | Reached XP level 5. HP: 25/28 MP: 11/13
  2549 | D:3      | Noticed Purgy
  2795 | D:2      | Found a blossoming altar of Fedhas.
  2819 | D:2      | Noticed an oklob plant
  3405 | D:3      | Found a shimmering blue altar of Sif Muna.
  3412 | D:3      | Became a worshipper of Sif Muna the Loreminder
  3713 | D:3      | Reached skill level 5 in Fire Magic
  3718 | D:3      | Reached skill level 5 in Conjurations
  3718 | D:3      | Reached XP level 6. HP: 28/32 MP: 4/14
  4120 | D:4      | Noticed an ice beast
  4150 | D:4      | Killed an ice beast
  4476 | D:4      | Reached skill level 1 in Fighting
  5183 | D:5      | Entered Level 5 of the Dungeon
  5192 | D:5      | Reached XP level 7. HP: 38/38 MP: 11/15
  5228 | D:5      | Found a staircase to the Ecumenical Temple.
  5344 | D:5      | Reached * piety under Sif Muna
  5606 | D:5      | Found a white marble altar of Elyvilon.
  6007 | D:5      | Learned a level 5 spell: Fireball
  6765 | D:6      | Reached XP level 8. HP: 26/48 MP: 0/16
  7039 | D:6      | Reached ** piety under Sif Muna
  7315 | D:6      | Identified the Disquisition on Contamination and Cold
  7480 | D:6      | Noticed Edmund
  7502 | D:6      | Killed Edmund
  7503 | D:6      | Reached skill level 5 in Spellcasting
  7892 | D:7      | Found Ozaack's Weapon Shop.
  8337 | D:7      | Got an ivory quarterstaff
  8338 | D:7      | Identified the +10 quarterstaff of the Egg {venom, rF+ rN+
                  | Stlth+} (You found it on level 7 of the Dungeon)
  8431 | D:7      | Found a white marble altar of Elyvilon.
  9227 | D:8      | Reached XP level 9. HP: 47/52 MP: 17/21
  9745 | D:8      | Found a staircase to the Lair.
  9894 | D:9      | Reached *** piety under Sif Muna
 10678 | D:9      | Reached skill level 5 in Fighting
 10702 | D:9      | Reached skill level 5 in Dodging
 11131 | D:9      | Found the +5 scythe "Finisher" {speed, eviscerate}
 11421 | D:10     | Entered Level 10 of the Dungeon
 11805 | Lair:1   | Entered Level 1 of the Lair of Beasts
 11862 | Lair:1   | Noticed a cane toad
 11876 | Lair:1   | Killed a cane toad
 11877 | Lair:1   | Reached XP level 10. HP: 12/60 MP: 24/24
 11979 | Lair:1   | Noticed a four-headed hydra
 12103 | Lair:1   | Reached skill level 1 in Shields
 12301 | Lair:1   | Noticed an oklob plant
 12337 | Lair:1   | Reached **** piety under Sif Muna
 12788 | Lair:1   | Noticed a cane toad
 12800 | Lair:1   | Killed a cane toad
 12874 | Lair:1   | Killed a four-headed hydra
 13286 | Lair:1   | Noticed a cane toad
 13296 | Lair:1   | Killed a cane toad
 13481 | Lair:1   | Noticed an oklob plant
 13748 | Lair:2   | Reached XP level 11. HP: 68/68 MP: 25/25
 13891 | Lair:2   | Found a runed translucent gate.
 13892 | Lair:2   | Found a runed translucent gate.
 13893 | Lair:2   | Found a runed translucent gate.
 13894 | Lair:2   | Noticed kalagan's ghost (journeyman DECj)
 13935 | Lair:2   | Noticed Gastronok
 14141 | Lair:2   | Reached skill level 5 in Shields
 14489 | Lair:2   | Noticed a six-headed hydra
 14507 | Lair:2   | Killed a six-headed hydra
 15570 | Lair:3   | Noticed a death yak
 15571 | Lair:3   | Noticed a death yak
 15571 | Lair:3   | Noticed a death yak
 15605 | Lair:3   | Killed a death yak
 16671 | Lair:3   | Noticed a death yak
 16708 | Lair:2   | Killed a death yak
 16848 | Lair:3   | Killed a death yak
 16849 | Lair:3   | Reached XP level 12. HP: 42/73 MP: 12/26
 16853 | Lair:3   | Killed a death yak
 16854 | Lair:3   | Reached skill level 10 in Shields
 17802 | Lair:4   | Reached ***** piety under Sif Muna
 17804 | Lair:4   | Noticed a six-headed hydra
 17827 | Lair:4   | Killed a six-headed hydra
 17828 | Lair:4   | Reached skill level 1 in Invocations
 18064 | Lair:4   | Identified Sif Muna's Disquisition on Beguiling and Shape
                  | Shifting (Sif Muna gifted it to you on level 4 of the Lair
                  | of Beasts)
 18064 | Lair:4   | Received a gift from Sif Muna
 18091 | Lair:4   | Noticed a seven-headed hydra
 18100 | Lair:4   | Killed a seven-headed hydra
 18537 | Lair:4   | Noticed an eight-headed hydra
 18544 | Lair:4   | Killed an eight-headed hydra
 19134 | Lair:4   | Found a staircase to the Swamp.
 19685 | Lair:4   | Found a staircase to the Snake Pit.
 20156 | Lair:4   | Got a spiked leather armour
 20167 | Lair:4   | Identified the +1 leather armour of Valour {rC+ Int+2 Dex-2
                  | Stlth+} (You found it on level 4 of the Lair of Beasts)
 20275 | Lair:5   | Noticed a death yak
 20276 | Lair:5   | Noticed a death yak
 20276 | Lair:5   | Noticed a death yak
 20285 | Lair:5   | Killed a death yak
 20285 | Lair:5   | Noticed a death yak
 20286 | Lair:5   | Noticed a death yak
 20298 | Lair:5   | Killed a death yak
 20507 | Lair:5   | Reached XP level 13. HP: 61/79 MP: 10/28
 21291 | Lair:5   | Found a staircase to the Slime Pits.
 22516 | D:11     | Found a gate leading to a gauntlet.
 22523 | Gauntlet | Entered a Gauntlet
 22523 | Gauntlet | Found a transporter.
 22523 | Gauntlet | Found a transporter.
 22537 | Gauntlet | Found a transporter.
 22537 | Gauntlet | Found a transporter.
 22546 | Gauntlet | Found a transporter.
 22553 | Gauntlet | Found a transporter.
 22557 | Gauntlet | Found a transporter.
 22568 | Gauntlet | Found a transporter.
 22568 | Gauntlet | Found a transporter.
 22617 | Gauntlet | Found a transporter.
 22717 | Gauntlet | Found a transporter.
 22748 | Gauntlet | Identified Cerebov's Almanac of the Blaze (Sif Muna gifted
                  | it to you in a Gauntlet)
 22748 | Gauntlet | Received a gift from Sif Muna
 22902 | Gauntlet | Learned a level 5 spell: Bolt of Magma
 22912 | Gauntlet | Got a shimmering whip
 22913 | Gauntlet | Identified the +4 whip of Descent {vorpal, *Corrode *Drain
                  | +Rage rElec} (You found it in a Gauntlet)
 22924 | Gauntlet | Found a transporter.
 22925 | Gauntlet | Found a transporter.
 22965 | Gauntlet | Reached skill level 10 in Spellcasting
 22965 | Gauntlet | Reached skill level 5 in Invocations
 23038 | Gauntlet | Got a flickering granite ring
 23046 | Gauntlet | Identified the ring of Jaeled {rN+++ MP+9 Str+6 Int-5
                  | Dex-5} (You found it in a Gauntlet)
 23096 | Gauntlet | Noticed a minotaur
 23102 | Gauntlet | Killed a minotaur
 23167 | Gauntlet | Identified the Incunabulum of Execration and Envenoming
 23169 | Gauntlet | Got an ancient spear
 24145 | D:11     | Reached skill level 10 in Conjurations
 24726 | D:12     | Found a frozen archway.
 24739 | IceCv    | Entered an ice cave
 24741 | IceCv    | Reached skill level 10 in Fire Magic
 25408 | IceCv    | Got a coiled iron ring
 25410 | IceCv    | Identified the ring of Qelueleu {rPois Dex+3} (You found it
                  | in an ice cave)
 25944 | D:12     | Identified Sif Muna's Tome of the Hidden Olives (Sif Muna
                  | gifted it to you on level 12 of the Dungeon)
 25944 | D:12     | Received a gift from Sif Muna
 25952 | D:12     | Learned a level 5 spell: Iskenderun's Battlesphere
 26581 | D:12     | Reached skill level 1 in Earth Magic
 26581 | D:12     | Reached XP level 14. HP: 78/86 MP: 31/31
 26903 | D:12     | Found a roughly hewn altar of Beogh.
 27782 | D:12     | Identified Xizimoh's Almanac of Creation and Clay (Sif Muna
                  | gifted it to you on level 12 of the Dungeon)
 27782 | D:12     | Received a gift from Sif Muna
 28020 | D:12     | Found a staircase to the Orcish Mines.
 29215 | D:13     | Learned a level 6 spell: Iron Shot
 29615 | D:13     | Found a gate to the Vaults.
 29936 | D:13     | Noticed Nessos
 29943 | D:13     | Killed Nessos
 29957 | D:13     | Reached skill level 5 in Earth Magic
 30766 | D:14     | Identified Sif Muna's Almanac of Gliding Moulding (Sif Muna
                  | gifted it to you on level 14 of the Dungeon)
 30766 | D:14     | Received a gift from Sif Muna
 31990 | D:15     | Entered Level 15 of the Dungeon
 32007 | D:15     | Reached skill level 1 in Armour
 32655 | D:15     | Reached XP level 15. HP: 90/90 MP: 9/33
 33286 | D:15     | Found a staircase to the Depths.
 33548 | D:15     | Found Uriwuamm's General Store.
 34145 | D:15     | Received a gift from Sif Muna
 34464 | D:15     | Found a gateway to a bazaar.
 34468 | Bazaar   | Entered a bazaar
 34468 | Bazaar   | Found Cunlun's Gadget Boutique.
 34468 | Bazaar   | Found Xiaczav's Antique Armour Shop.
 34468 | Bazaar   | Found Loshriot's Assorted Antiques.
 34468 | Bazaar   | Found Huibat's Assorted Antiques.
 34488 | Bazaar   | Bought a scroll of identify for 24 gold pieces
 34490 | Bazaar   | Bought an ancient cloak for 199 gold pieces
 34490 | Bazaar   | Bought a pair of crude gloves for 199 gold pieces
 34506 | Bazaar   | Identified the +0 cloak of the Black Moon {rC+++ Str+4
                  | Dex+2 Stlth+} (You bought it in a shop in a bazaar)
 34520 | Bazaar   | Identified the +2 pair of gloves of Cydghi {*Corrode *Slow
                  | +Blink rN+++} (You bought it in a shop in a bazaar)
 34536 | Bazaar   | Bought a scroll labelled WAPLAF ZUNANA for 26 gold pieces
 34538 | Bazaar   | Bought a scroll labelled PUUTSOG LOAGG for 26 gold pieces
 34540 | Bazaar   | Bought a scroll of teleportation for 78 gold pieces
 34540 | Bazaar   | Bought a potion of haste for 260 gold pieces
 34542 | Bazaar   | Bought an orange potion for 10 gold pieces
 34548 | Bazaar   | Bought a glowing hat for 147 gold pieces
 34656 | D:15     | Found Avuin's Antique Weapon Boutique.
 35930 | Lair:5   | Reached skill level 10 in Dodging
 36479 | Lair:6   | Entered Level 6 of the Lair of Beasts
 36481 | Lair:6   | Reached skill level 10 in Fighting
 37993 | Lair:6   | Found a runed translucent door.
 38144 | Lair:6   | Paralysed by a hornet for 2 turns
 39358 | Orc:1    | Entered Level 1 of the Orcish Mines
 39935 | Orc:1    | Noticed Nergalle
 39939 | Orc:1    | Killed Nergalle
 39966 | Orc:1    | Noticed Josephine
 39972 | Orc:1    | Killed Josephine
 39974 | Orc:1    | Reached skill level 5 in Armour
 40435 | Orc:2    | Entered Level 2 of the Orcish Mines
 40754 | Orc:2    | Found a staircase to the Elven Halls.
 40774 | Orc:2    | Found Dagakh's Antique Weapon Shop.
 41180 | Orc:2    | Noticed Rupert
 41197 | Orc:2    | Killed Rupert
 41771 | Orc:2    | Reached XP level 16. HP: 98/98 MP: 23/34
 42487 | Orc:2    | Identified Sif Muna's Guide on Warped Evil (Sif Muna gifted
                  | it to you on level 2 of the Orcish Mines)
 42487 | Orc:2    | Received a gift from Sif Muna
 42631 | Orc:2    | Found Visa's Gadget Boutique.
 42635 | Orc:2    | Found Siuppy's Gadget Emporium.
 42641 | Orc:2    | Found Beok's Book Emporium.
 42643 | Orc:2    | Found Siyptuarph's Jewellery Boutique.
 43172 | Swamp:1  | Entered Level 1 of the Swamp
 43553 | Swamp:1  | Noticed Jorgrun
 43561 | Swamp:1  | Killed Jorgrun
 44084 | Swamp:1  | Found a runed translucent door.
 44086 | Swamp:1  | You fall into a shaft and drop 1 floor!
 45165 | Swamp:1  | Found a shimmering altar of Xom.
 45165 | Swamp:1  | Noticed kthxbai's ghost (adept MfIE)
 45887 | Swamp:2  | Reached skill level 10 in Earth Magic
 47595 | Swamp:4  | Entered Level 4 of the Swamp
 47968 | Swamp:4  | Identified a scroll of acquirement
 47969 | Swamp:4  | Acquired an uncursed staff of earth
 48790 | Swamp:4  | Reached XP level 17. HP: 106/106 MP: 25/37
 49620 | Swamp:4  | Noticed the 27-headed Lernaean hydra
 49626 | Swamp:4  | Killed the 27-headed Lernaean hydra
 49627 | Swamp:4  | Reached skill level 15 in Spellcasting
 49627 | Swamp:4  | Identified Sif Muna's Compendium of Lightness and Cold (Sif
                  | Muna gifted it to you on level 4 of the Swamp)
 49627 | Swamp:4  | Received a gift from Sif Muna
 50658 | Swamp:4  | Got a decaying rune of Zot
 50891 | Snake:1  | Entered Level 1 of the Snake Pit
 50935 | Snake:1  | Found Ogre's Assorted Antiques.
 50935 | Snake:1  | Found Fedoanu's Gadget Emporium.
 51691 | Snake:1  | Found an ancient bone altar of Kikubaaqudgha.
 52440 | Snake:2  | Found an ancient bone altar of Kikubaaqudgha.
 55759 | Snake:3  | Reached skill level 15 in Dodging
 56499 | Snake:3  | Reached XP level 18. HP: 64/113 MP: 23/39
 57153 | Snake:3  | Found Newoomno's Gadget Emporium.
 57939 | Vaults:1 | Entered Level 1 of the Vaults
 58243 | Vaults:1 | Found a magical portal.
 58258 | WizLab   | Entered Zonguldrok's Shrine
 59124 | WizLab   | Noticed an antique lich
 59131 | WizLab   | Killed an antique lich
 59260 | WizLab   | Found the +9 sword of Zonguldrok {reap}
 59734 | Vaults:1 | Reached skill level 5 in Stealth
 60402 | Vaults:1 | Identified Sif Muna's Tome of Evil Rites and Malediction
                  | (Sif Muna gifted it to you on level 1 of the Vaults)
 60402 | Vaults:1 | Received a gift from Sif Muna
 61820 | Vaults:1 | Found a runed translucent gate.
 61820 | Vaults:1 | Found a runed translucent gate.
 61820 | Vaults:1 | Found a runed translucent gate.
 61820 | Vaults:1 | Noticed Silenth's ghost (adept DrFE)
 62811 | Vaults:1 | Reached skill level 15 in Fire Magic
 63422 | Vaults:2 | Learned a level 8 spell: Ignition
 63919 | Vaults:2 | You are sucked into a shaft and drop 2 floors!
 63923 | Vaults:4 | Found Kibusif's Gadget Emporium.
 64083 | Vaults:4 | Reached XP level 19. HP: 121/121 MP: 34/40
 64968 | Vaults:4 | Found Pepi's Book Boutique.
 65515 | Vaults:3 | Found a staircase to the Crypt.
 65515 | Vaults:3 | Found an ancient bone altar of Kikubaaqudgha.
 65516 | Vaults:3 | Found a basalt altar of Yredelemnul.
 65530 | Vaults:3 | Received a gift from Sif Muna
 65782 | Vaults:3 | Learned a level 2 spell: Passwall
 70592 | Vaults:4 | Learned a level 1 spell: Magic Dart
 71005 | Vaults:4 | Reached XP level 20. HP: 128/128 MP: 41/41
 71193 | Vaults:5 | Entered Level 5 of the Vaults
 71592 | Depths:1 | Entered Level 1 of the Depths
 71764 | Depths:1 | Found Mikus's Antique Weapon Shop.
 71780 | Depths:1 | Bought a twisted quick blade for 480 gold pieces
 71780 | Depths:1 | Identified the +8 quick blade "Leycifur" {flame, *Rage
                  | rC+++ Will+ SInv} (You bought it in a shop on level 1 of
                  | the Depths)
 71864 | Depths:1 | Found Hucrok's Antique Armour Shop.
 72817 | Depths:1 | Found Erasugofapp's Antique Weapon Shoppe.
 72831 | Depths:1 | Found a gateway to Hell.
 72872 | Depths:1 | Found Linun's Magic Scroll Shop.
 72879 | Depths:1 | Bought a scroll of enchant armour for 112 gold pieces
 73193 | Depths:1 | Reached skill level 15 in Fighting
 73419 | Depths:1 | Found Seehuebb's Gadget Boutique.
 74274 | Depths:1 | Noticed a juggernaut
 74282 | Depths:1 | Killed a juggernaut
 74473 | Depths:1 | Found a one-way gate to the infinite horrors of the Abyss.
 74559 | Depths:2 | Received a gift from Sif Muna
 75311 | Depths:2 | Reached skill level 15 in Conjurations
 75491 | Depths:2 | Identified the Catalogue of Ice and Execration
 76734 | Depths:2 | Noticed a golden dragon
 76745 | Depths:2 | Killed a golden dragon
 77184 | Depths:2 | Found a gateway to a ziggurat.
 77265 | Depths:2 | Found a hazy altar of Hepliaklqana.
 77772 | Depths:3 | Noticed a golden dragon
 77779 | Depths:3 | Killed a golden dragon
 78613 | Depths:3 | Reached XP level 21. HP: 136/136 MP: 3/42
 78625 | Depths:2 | Learned a level 9 spell: Fire Storm
 79705 | Depths:3 | Found a transporter.
 79887 | Depths:3 | Identified Rurunurr's Collected Works on Hurtful Feathers
                  | (Sif Muna gifted it to you on level 3 of the Depths)
 79887 | Depths:3 | Received a gift from Sif Muna
 80125 | Vaults:1 | Learned a level 8 spell: Lehudib's Crystal Spear
 80395 | Depths:3 | Found a transporter.
 80960 | Depths:3 | Found a one-way gate leading to the halls of Pandemonium.
 83505 | Depths:4 | Found a blossoming altar of Fedhas.
 84487 | Elf:1    | Entered Level 1 of the Elven Halls
 85328 | Elf:1    | Identified Sif Muna's Reference Book on Attacks (Sif Muna
                  | gifted it to you on level 1 of the Elven Halls)
 85328 | Elf:1    | Received a gift from Sif Muna
 86265 | Elf:1    | Identified the amulet "Zazuin" {Reflect rF++ rN+ SH+5
                  | Stlth+}
 87049 | Elf:2    | Found Biduorurch's Book Emporium.
 87228 | Elf:2    | Found a runed translucent gate.
 87231 | Elf:2    | Found a runed translucent gate.
 87232 | Elf:2    | Found a runed translucent gate.
 87794 | Elf:2    | Found Dirot's Gadget Shop.
 87797 | Elf:2    | Found Kacesiong's Jewellery Shoppe.
 87798 | Elf:2    | Found Daos's Gadget Shop.
 87807 | Elf:2    | Bought the ring "Repneuti" {rElec Will+ rCorr Dex+4} for
                  | 768 gold pieces
 88318 | Elf:3    | Entered Level 3 of the Elven Halls
 88414 | Elf:3    | Reached XP level 22. HP: 144/144 MP: 28/44
 88994 | Elf:3    | Identified the ring "Birphu Oreq" {rCorr Dex+6}
 89404 | Elf:3    | Found a huge runed gate.
 89404 | Elf:3    | Found a huge runed gate.
 89404 | Elf:3    | Found a huge runed gate.
 89405 | Elf:3    | Found a huge runed gate.
 89405 | Elf:3    | Found a huge runed gate.
 89405 | Elf:3    | Found a huge runed gate.
 89405 | Elf:3    | Found a huge runed gate.
 89406 | Elf:3    | Found a huge runed gate.
 89407 | Elf:3    | Found a huge runed gate.
 89408 | Elf:3    | Found a huge runed gate.
 89652 | Elf:3    | Identified Sif Muna's Incunabulum of Transmigration and Ice
                  | (Sif Muna gifted it to you on level 3 of the Elven Halls)
 89652 | Elf:3    | Received a gift from Sif Muna
 89706 | Elf:3    | Identified the +1 plate armour "Bexe" {Will- Str+4 Dex+6}
 89725 | Elf:3    | Identified the cursed ring "Patixou" {rC- rN+ Str-4 Dex+4}
 89865 | Elf:3    | Found Roob Rarph's Weapon Shoppe.
 90079 | Elf:3    | Identified the +6 battleaxe of the Peculiar Gods {spect,
                  | *Corrode +Blink Str+3 Int+4}
 90079 | Elf:3    | Identified the amulet "Talu" {rElec Regen+}
 90268 | Elf:3    | Identified the +2 scale mail of the Crypt {*Drain rPois
                  | rCorr Int+5}
 90532 | Elf:3    | Identified the +1 robe "Ugux Coi" {Str+2}
 90533 | Elf:3    | Identified the +4 quarterstaff of Xuimoar {holy, *Drain
                  | rPois rF- Stlth+}
 91042 | Elf:3    | Found a huge runed gate.
 91042 | Elf:3    | Found a huge runed gate.
 91042 | Elf:3    | Found a huge runed gate.
 91225 | Elf:3    | Found the +9 heavy crossbow "Sniper" {vorpal, Acc+∞ SInv}
 91248 | Elf:3    | Identified Uqae's Disquisition on the Cloudy Compass
 91285 | Elf:3    | Identified the Incunabulum of Destructive Venom
 91382 | Elf:3    | Found a huge runed gate.
 91382 | Elf:3    | Found a huge runed gate.
 91388 | Elf:3    | Found a huge runed gate.
 91401 | Elf:3    | Found a huge runed gate.
 91404 | Elf:3    | Found a huge runed gate.
 91404 | Elf:3    | Found a huge runed gate.
 91405 | Elf:3    | Found a huge runed gate.
 91407 | Elf:3    | Found a huge runed gate.
 91408 | Elf:3    | Found a huge runed gate.
 91536 | Elf:3    | Found a huge runed gate.
 91536 | Elf:3    | Found a huge runed gate.
 91584 | Elf:3    | Got a slimy ivory ring
 91585 | Elf:3    | Identified the ring "Tups" {rF+ Stlth+} (You found it on
                  | level 3 of the Elven Halls)
 93038 | Depths:4 | Noticed a caustic shrike
 93038 | Depths:4 | Noticed a caustic shrike
 93041 | Depths:4 | Noticed a caustic shrike
 93047 | Depths:3 | Killed a caustic shrike
 93176 | Depths:4 | Noticed a caustic shrike
 93176 | Depths:4 | Noticed a caustic shrike
 93176 | Depths:4 | Noticed a caustic shrike
 93177 | Depths:4 | Noticed a caustic shrike
 93182 | Depths:3 | Killed a caustic shrike
 93731 | Vaults:5 | Identified the +4 great sword of Fury {holy, rC+}
 93774 | Vaults:5 | Noticed Xtahua
 93775 | Vaults:5 | Noticed Frederick
 93776 | Vaults:5 | Killed Frederick
 93794 | Vaults:5 | Identified the +8 dire flail of Judgement {antimagic,
                  | Str+2}
 93796 | Vaults:5 | Reached XP level 23. HP: 69/151 MP: 12/47
 93923 | Vaults:5 | Received a gift from Sif Muna
 93928 | Vaults:5 | Learned a level 2 spell: Blink
 93969 | Vaults:5 | Killed Xtahua
 94679 | Vaults:5 | Identified the +7 trident "Banisher" {freeze, Dex+8}
 94742 | Vaults:5 | Identified the +11 shortbow "Elf's Doom" {venom, *Slow
                  | Str+5 Int+5}
 96058 | Vaults:5 | Reached skill level 10 in Invocations
 96455 | Vaults:5 | Identified the +4 whip "Bynuma" {pain, rElec}
 96863 | Vaults:5 | Identified the +3 mace of Balance {freeze, rF+ Will+}
 97920 | Vaults:5 | Gained mutation: You are frail. (-10% HP) [a shining eye]
 97922 | Vaults:5 | Gained mutation: Armour fits poorly on your strangely
                  | shaped body. [a shining eye]
 97923 | Vaults:5 | Lost mutation: You are frail. (-10% HP) [potion of
                  | mutation]
 97923 | Vaults:5 | Lost mutation: Armour fits poorly on your strangely shaped
                  | body. [potion of mutation]
 97923 | Vaults:5 | Gained mutation: Scrolls take you a little longer to read.
                  | [potion of mutation]
 97923 | Vaults:5 | Gained mutation: Your mind is acute. (Int +2) [potion of
                  | mutation]
 97923 | Vaults:5 | Gained mutation: You are clumsy. (Dex -2) [a shining eye]
 97951 | Vaults:5 | Lost mutation: Scrolls take you a little longer to read.
                  | [potion of mutation]
 97951 | Vaults:5 | Lost mutation: You are clumsy. (Dex -2) [potion of
                  | mutation]
 97951 | Vaults:5 | Lost mutation: Your mind is acute. (Int +2) [potion of
                  | mutation]
 97951 | Vaults:5 | Gained mutation: You possess an exceptional clarity of
                  | mind. [potion of mutation]
 97951 | Vaults:5 | Gained mutation: You are partially covered in large bone
                  | plates. (SH +4) [potion of mutation]
 98874 | Vaults:5 | Got a pair of pitted gloves
 98885 | Vaults:5 | Identified the +1 pair of gloves of Sif Muna's Wrath {rF+
                  | Dex+4} (You found it on level 5 of the Vaults)
 98891 | Vaults:5 | Identified the Handbook of the Unholy Entourage
 99109 | Vaults:5 | Reached XP level 24. HP: 157/157 MP: 27/48
 99241 | Vaults:5 | Got a silver rune of Zot
 99491 | Vaults:5 | Noticed Sojobo
 99504 | Vaults:5 | Killed Sojobo
 99898 | Vaults:5 | Reached skill level 15 in Invocations
100574 | Vaults:5 | Found Eremag's Distillery.
100577 | Vaults:5 | Bought a potion of heal wounds for 100 gold pieces
100577 | Vaults:5 | Bought a potion of curing for 60 gold pieces
100577 | Vaults:5 | Bought a potion of curing for 60 gold pieces
100577 | Vaults:5 | Bought a potion of cancellation for 160 gold pieces
101171 | Snake:4  | Entered Level 4 of the Snake Pit
101789 | Snake:4  | Noticed Louise
101794 | Snake:4  | Killed Louise
101795 | Snake:4  | Reached skill level 1 in Evocations
101829 | Snake:4  | Found the +4 skin of Zhor {Englaciate rC+++ SInv}
102455 | Snake:4  | Noticed Aizul
102463 | Snake:4  | Killed Aizul
102639 | Snake:4  | Identified Sif Muna's Tome of Supportive Clay (Sif Muna
                  | gifted it to you on level 4 of the Snake Pit)
102639 | Snake:4  | Received a gift from Sif Muna
102927 | Snake:4  | Reached skill level 5 in Evocations
103596 | Snake:4  | Got a serpentine rune of Zot
105251 | Depths:3 | Learned a level 7 spell: Spellforged Servitor
105638 | Depths:4 | Reached skill level 5 in Summonings
105996 | Depths:4 | Noticed a juggernaut
106007 | Depths:4 | Killed a juggernaut
106008 | Depths:4 | Reached XP level 25. HP: 152/163 MP: 11/48
106912 | Depths:4 | Found an ornate altar of the Wu Jian Council.
107106 | Depths:4 | Found an ancient bone altar of Kikubaaqudgha.
107416 | Depths:4 | Acquired 583 gold pieces
107443 | Depths:4 | Found an iron altar of Okawaru.
107559 | Depths:5 | Entered Level 5 of the Depths
108513 | Depths:5 | Identified Sif Muna's Catalogue of Vitriolic Hexes (Sif
                  | Muna gifted it to you on level 5 of the Depths)
108513 | Depths:5 | Received a gift from Sif Muna
108747 | Depths:5 | Identified the +1 leather armour "Cefacica" {rF- Str+3
                  | SInv}
108747 | Depths:5 | Noticed Mennas
108751 | Depths:5 | Killed Mennas
111522 | Depths:5 | Found a gate to the Realm of Zot.
112295 | Depths:5 | Noticed a juggernaut
112302 | Depths:5 | Killed a juggernaut
112751 | Zot:1    | Entered Level 1 of the Realm of Zot
113622 | Zot:1    | Reached XP level 26. HP: 144/168 MP: 19/49
116696 | Zot:3    | Received a gift from Sif Muna
119423 | Zot:4    | Noticed an orb of fire
119431 | Zot:4    | Killed an orb of fire
120329 | Zot:4    | Reached XP level 27. HP: 175/175 MP: 31/49
121709 | Zot:5    | Entered Level 5 of the Realm of Zot
122627 | Zot:5    | Noticed an ancient lich
122629 | Zot:5    | Killed an ancient lich
122777 | Zot:5    | Noticed an orb of fire
122796 | Zot:5    | Killed an orb of fire
123065 | Zot:5    | Noticed an orb of fire
123072 | Zot:5    | Lost mutation: You possess an exceptional clarity of mind.
                  | [an orb of fire]
123074 | Zot:5    | Killed an orb of fire
123256 | Zot:5    | Gained mutation: Your body sometimes deteriorates upon
                  | taking damage. [mutagenic glow]
123521 | Zot:5    | Noticed an ancient lich
123525 | Zot:5    | Noticed an orb of fire
123526 | Zot:5    | Killed an ancient lich
123533 | Zot:5    | Gained mutation: Your spells are a little easier to cast,
                  | but a little less powerful. [an orb of fire]
123536 | Zot:5    | Killed an orb of fire
123675 | Zot:5    | Noticed an ancient lich
123675 | Zot:5    | Noticed an ancient lich
123680 | Zot:5    | Killed an ancient lich
123686 | Zot:5    | Killed an ancient lich
123750 | Zot:5    | Noticed an ancient lich
123755 | Zot:5    | Killed an ancient lich
123800 | Zot:5    | Noticed an orb of fire
123801 | Zot:5    | Lost mutation: Your spells are a little easier to cast, but
                  | a little less powerful. [an orb of fire]
123801 | Zot:5    | Gained mutation: You are frail. (-10% HP) [an orb of fire]
123802 | Zot:5    | Lost mutation: You are frail. (-10% HP) [potion of
                  | mutation]
123802 | Zot:5    | Lost mutation: Your body sometimes deteriorates upon taking
                  | damage. [potion of mutation]
123802 | Zot:5    | Gained mutation: You possess an exceptional clarity of
                  | mind. [potion of mutation]
123802 | Zot:5    | Gained mutation: You have sharp toenails. [potion of
                  | mutation]
123805 | Zot:5    | Gained mutation: You are dopey. (Int -2) [an orb of fire]
123806 | Zot:5    | Killed an orb of fire
124046 | Zot:5    | Noticed an orb of fire
124055 | Zot:5    | Killed an orb of fire
124540 | Zot:5    | Noticed an orb of fire
124543 | Zot:5    | Killed an orb of fire
124868 | Zot:5    | Got the Orb of Zot
125149 | Depths:2 | Noticed Etyakis the pandemonium lord
125611 | D:6      | Noticed Vimp the pandemonium lord
125905 | D:$      | Escaped with the Orb!

Illustrated notes

Levels and vault maps discovered:
D:1:      ncdulo_watergridlock, layout_rooms, serial_co_window_serial,
          co_window_paths_a, co_window_paths_a, co_window_of_opportunity_a,
          co_window_paths_a, co_window_corner_a, co_window_corner_b,
          co_window_corner_ca, co_window_broadway_a, co_window_4corner_b,
          co_window_4corner_a, glass_columns_c, glass_columns_c,
          glass_columns_a, glass_columns_a, glass_columns_a
D:2:      layout_rooms, tgw_fedhas, minivault_4
D:3:      layout_loops_corners, roderic_batcave, dk_noncrumbling_3,
          grunt_ministairs_9, led_sif_pool, uniq_purgy
D:4:      layout_loops_ring, minmay_misc_feat_secret_circle
D:5:      layout_cave_pods, minmay_temple_entry_grid, elyvilon_altar_3
D:6:      layout_basic, uniq_edmund
D:7:      cheibrodos_helix_gallery, layout_loops_cross, basic_altar,
          serial_shops, shop
D:8:      cheibrodos_iron_armory, layout_basic, grunt_lair_entry_orc_guard_hut,
          grunt_decor_junction
D:9:      layout_irregular_city, minmay_guarded_unrand_finisher
D:10:     layout_rooms, serial_glass, glass_columns_b, glass_columns_a,
          glass_columns_a, glass_columns_b, glass_columns_a, glass_columns_c,
          glass_columns_a, glass_columns_c
D:11:     layout_stronghold, gauntlet_entry_generic
D:12:     minmay_stone_box, layout_small_grid, david_orc_4, special_room
          [special_room_orc], portal_ice_cave_rime
D:13:     layout_basic, david_vaults_1, minmay_alternating_orb, uniq_nessos
D:14:     layout_roguey, minmay_crystal_room
D:15:     hangedman_depths_entry_civil_slaughter, layout_loops_cross,
          serial_shops, statue_bzr, nicolae_shop_trees, nicolae_shop_crystal
Lair:1:   layout_hall_layers, beast_lair_carwin_5, minmay_lair_oklob_chamber
Lair:2:   layout_chaotic_city, gammafunk_ghost_necromancy, uniq_gastronok
Lair:3:   layout_chaotic_city
Lair:4:   layout_hall_layers, minmay_swamp_entry_worms,
          minmay_snake_entry_guardpost_medium, kennysheep_catoblepas_arena
Lair:5:   layout_gridlike, minmay_slime_entry_oklob_open
Lair:6:   wormcave, layout_cave_pods
Swamp:1:  layout_basic_swamp, ebering_ghost_xom, evilmike_swamp_ruin_rubble_1,
          swamp_pool1, uniq_jorgrun
Swamp:2:  layout_falls_marsh, hangedman_swamp_pad, swamp_pool2
Swamp:3:  layout_basic_swamp, evilmike_swamp_ruin_house_4, swamp_pool5
Swamp:4:  swamp_old_school, layout_basic_swamp, swamp_pool3
Snake:1:  layout_basic, basic_altar, minmay_shoptagon
Snake:2:  layout_cave_shapes, basic_altar
Snake:3:  layout_chambers, serial_shops, shop, hangedman_corner_corridor
Snake:4:  grunt_snake_rune_serpentine_throne, layout_cave_town,
          serial_bayou_pond_c, uniq_aizul, uniq_louise
Orc:1:    layout_caves, uniq_nergalle, uniq_josephine
Orc:2:    st_orc_elflike, layout_caves, serial_shops, nicolae_shop_stone,
          minmay_orc_barracks, uniq_rupert
Elf:1:    minmay_elf_arrival_summoners, layout_geoelf_diagonals,
          hangedman_elf_disciples
Elf:2:    layout_loops_corners, serial_shops, shop, minmay_shop_grove
Elf:3:    minmay_elf_hall_quartered_circle, layout_geoelf_grid, serial_shops,
          shop, not_door_vault_due
Vaults:1: gammafunk_vaults_ghost_split, v_pattern_5, v_misc_5,
          hangedman_vaults_variations, ontoclasm_vaults_twist,
          nicolae_vaults_holding_cells, hangedman_vaults_capsules, v_rooms_4,
          hangedman_vaults_nails, ontoclasm_vaults_idyll, vaults_room_hallway,
          layout_vaults_ring, mu_enter_wizlab_4
Vaults:2: ploomutoo_gammafunk_vaults_ghost_potion_laboratory,
          ontoclasm_vaults_bender, vaults_room_grunt_arrival_ludios,
          vaults_dpeg_ring, nicolae_vaults_big_ls, hangedman_vaults_slither,
          hangedman_vaults_hat, vaults_room_large_hall, ontoclasm_vaults_hangar,
          grunt_vaults_diagonal, nicolae_vaults_arrows,
          nicolae_vaults_network_s, v_misc_25, layout_vaults_maze_bifur
Vaults:3: nicolae_vaults_quadrants, minmay_crypt_entry_necro_gods,
          ontoclasm_vaults_shuriken, vaults_room_boxed, v_misc_28,
          vaults_room_door_hall, vaults_standard_mumra_enter_the_diamond,
          v_misc_22, v_misc_33, hangedman_vaults_pinch, v_misc_13,
          vaults_room_stairs_pillars, vaults_mumra_lcd,
          nicolae_vaults_little_squares_2, layout_vaults_big_cross
Vaults:4: vaults_room_grid, hangedman_vaults_locks, nicolae_vaults_statue_guard,
          v_misc_3, vaults_room_corners, nicolae_vaults_big_angled_halls,
          nicolae_vaults_hallways_thing, v_misc_24, dpeg_vaults_monster_row,
          nicolae_vaults_yaktaur_gun_rack, layout_vaults_omnibox, serial_shops,
          nicolae_shop_behind_doors, nicolae_shop_competitors_out_of_business
Vaults:5: uniq_frederick, uniq_xtahua, uniq_sojobo
Depths:1: cheibrodos_hall_of_evolution, layout_basic, abyss_entry, serial_shops,
          nicolae_shop_window_shopping, nicolae_shop_statue_plus, shop,
          nicolae_shop_crystal, shop, serial_co_window_serial,
          co_window_cross_1, co_window_paths_a, co_window_of_opportunity_a,
          co_window_of_opportunity_a, co_window_paths_a,
          co_window_of_opportunity_b, co_window_broadway_a,
          co_window_unsneaky_path_e, co_window_unsneaky_path_e,
          co_window_unsneaky_path_a, co_window_of_opportunity_b,
          co_window_of_opportunity_c, glass_columns_a, hell_entry, st_stairs_6
Depths:2: kennysheep_water_balloons, layout_cave_shapes, enter_ziggurat_e,
          lemuel_crystal_altar, hangedman_tar_grid_catacomb,
          kennysheep_two_boxes
Depths:3: gammafunk_dig_for_victory, layout_basic, grunt_pan_entry_zigzag,
          chequers_serial_rivers_room_b, pf_hell_entry_great_geh,
          minmay_staircase_statues_hall_small
Depths:4: grunt_profane_halls [grunt_profane_temple_dis,
          grunt_profane_temple_coc, grunt_profane_temple_geh,
          grunt_profane_temple_tar, grunt_profane_loot], hell_entry, abyss_entry
Depths:5: lemuel_castle_with_subvaults [lemuel_castle_interior_original],
          layout_gridlike, hell_entry, abyss_entry_small_statue_room,
          water_boxes_lemuel, uniq_mennas
Zot:1:    layout_twisted_circle, kennysheep_underground_church
Zot:2:    layout_gridlike, hangedman_zot_decor_unnerving_road
Zot:3:    layout_onion
Zot:4:    grunt_zot_stairs_mandelzot, layout_twisted_circle
Zot:5:    layout_concentric_octagons

Skill      XL: |  1  2  3  4  5  6  7  8  9 10 11 12 13 14 15 16 17 18 19 20 21 22 23 24 25 26 27 |
---------------+----------------------------------------------------------------------------------+-----
Conjurations   | 2 3 4 5 6 7 8 9 10 12 13 15 17 18 19 20 21 23 | 23.0
Fire Magic     | 4 5 6 7 8 9 10 12 13 15 18 19 20 21 23 | 23.0
Spellcasting   | 4 6 8 9 11 12 14 15 16 18 19 20 | 20.0
Fighting       | 1 4 5 7 8 9 10 11 12 14 16 17 18 20 | 20.4
Stealth        | 3 7 |  7.0
Dodging        | 6 8 11 13 15 16 17 21 | 21.1
Shields        | 4 9 10 11 12 | 12.1
Invocations    | 4 5 6 13 15 | 15.0
Earth Magic    | 1 7 8 10 | 10.0
Armour         | 1 5 |  5.0
Evocations     | 5 |  5.0
Summonings     | 7 8 |  8.0

Action                   |  1- 3 |  4- 6 |  7- 9 | 10-12 | 13-15 | 16-18 | 19-21 | 22-24 | 25-27 || total
-------------------------+-------+-------+-------+-------+-------+-------+-------+-------+-------++-------
Melee: Long sword        |     2 |    13 |     7 |       |       |       |       |       |       ||    22
       Quarterstaff      |       |       |    63 |       |       |       |       |       |       ||    63
       Trident           |       |       |       |   115 |    11 |       |       |       |       ||   126
       Whip              |       |       |       |       |    92 |     1 |       |       |       ||    93
       Quick blade       |       |       |       |       |       |    31 |    52 |    24 |       ||   107
       Staff             |       |       |       |       |       |       |       |    58 |    49 ||   107
Throw: Dart              |       |     8 |     1 |       |     2 |       |       |       |       ||    11
 Cast: Foxfire           |    64 |    87 |   151 |   110 |   131 |   104 |     7 |       |       ||   654
       Sticky Flame      |       |     6 |    50 |   106 |   150 |    80 |    38 |       |       ||   430
       Conjure Flame     |       |     1 |     2 |     1 |     6 |     1 |       |       |       ||    11
       Fireball          |       |       |     8 |    80 |   237 |   307 |    25 |    62 |    33 ||   752
       Bolt of Magma     |       |       |       |       |    96 |    25 |     6 |     6 |     2 ||   135
       Iskenderun's Batt |       |       |       |       |    63 |   166 |    92 |    87 |       ||   408
       Iron Shot         |       |       |       |       |    87 |   229 |   406 |   318 |   116 ||  1156
       Ignition          |       |       |       |       |       |       |   183 |   135 |    52 ||   370
       Magic Dart        |       |       |       |       |       |       |    12 |    29 |     2 ||    43
       Passwall          |       |       |       |       |       |       |     3 |       |     1 ||     4
       Lehudib's Crystal |       |       |       |       |       |       |     1 |    65 |    98 ||   164
       Fire Storm        |       |       |       |       |       |       |       |     1 |   174 ||   175
       Spellforged Servi |       |       |       |       |       |       |       |     6 |    99 ||   105
       Blink             |       |       |       |       |       |       |       |       |     1 ||     1
Invok: Channel Magic     |       |       |       |       |     3 |    11 |     6 |    33 |    17 ||    70
 Abil: Stop Flying       |       |       |       |       |       |       |     1 |       |       ||     1
       Evoke Flight      |       |       |       |       |       |       |       |       |     1 ||     1
Evoke: Wand              |       |       |       |     3 |    10 |     3 |     1 |     1 |     3 ||    21
  Use: Potion            |       |     1 |       |     1 |     2 |     2 |     3 |    15 |     9 ||    33
       Scroll            |       |       |    17 |     6 |    19 |    11 |    11 |    22 |     7 ||    93
 Stab: Sleeping          |       |       |     1 |       |       |       |       |       |       ||     1
       Distracted        |       |       |       |       |       |       |       |     1 |       ||     1
Armor: Robe              |     6 |    18 |    10 |       |       |       |       |       |       ||    34
       Leather armour    |       |       |    49 |    67 |   111 |    47 |    44 |    22 |       ||   340
       Acid dragon scale |       |       |       |       |       |       |       |    23 |    50 ||    73
Dodge: Dodged            |    27 |    29 |   123 |   121 |   248 |   170 |   207 |   233 |   170 ||  1328
Block: Kite shield       |       |       |     1 |   111 |    92 |       |       |       |       ||   204
       Buckler           |       |       |       |       |   143 |   203 |   241 |   279 |   171 ||  1037
       Reflection        |       |       |       |       |    16 |    24 |    57 |    68 |    21 ||   186
       Rpst.: Long sword |     5 |     7 |    10 |       |       |       |       |       |       ||    22
